 Dungeon Crawl Stone Soup version 0.14-a0-1837-g7fb8695 (webtiles) character file.

61 Medar the Changer (level 3, 0/26 HPs)
             Began as a Merfolk Transmuter on Jan 10, 2014.
             Slain by a jackal (2 damage)
             ... while paralysed by a potion of paralysis
             ... on Level 2 of the Dungeon.
             The game lasted 00:07:44 (1828 turns).

Medar the Changer (Merfolk Transmuter)              Turns: 1828, Time: 00:07:45

HP   0/26        AC  2     Str 15      XL: 3   Next: 27%
MP   5/6         EV  2     Int 13      God:
Gold 29          SH  0     Dex 14      Spells:  2 memorised,  3 levels left

rFire  . . .     SeeInvis .       - Unarmed
rCold  . . .     Clarity  .     c - +0 robe
rNeg   . . .     Conserve .     (no shield)
rPois  .         rCorr    .     (helmet restricted)
rElec  .         rRot     .     (no cloak)
SustAb . .       Spirit   .     (no gloves)
rMut   .         Warding  .     (no boots)
Saprov . . .     Stasis   .     (no amulet)
                                (no ring)
                                (no ring)

@: appendage, paralysed, mighty, very slightly contaminated, not resistant to
hostile enchantments, unstealthy
A: change form in water, swift swim, horns 2
a: End Transformation


You were on level 2 of the Dungeon.
You were not hungry.
You had grown temporary horns.
You visited 1 branch of the dungeon, and saw 2 of its levels.

You collected 29 gold pieces.

Inventory:

Missiles
 b - 12 arrows
 f - 14 darts of frost
 h - 2 curare-tipped needles
 j - 4 poisoned darts (quivered)
 k - 15 poisoned needles
 l - 8 darts
Armour
 c - a +0 robe (worn)
Magical devices
 t - a wand of teleportation (1)
Comestibles
 a - 2 bread rations
 q - an apple
 r - a rotting chunk of quokka flesh
 u - 2 chunks of goblin flesh
Scrolls
 g - a scroll of remove curse {unknown}
 i - 2 scrolls of teleportation {unknown}
 o - a scroll of identify {unknown}
 p - a scroll of curse jewellery {unknown}
 v - a scroll of enchant armour {unknown}
Jewellery
 w - an uncursed ring of fire {unknown}
Potions
 m - a potion of curing {unknown}
Books
 d - a book of Changes

   Spells                             Type                      Level
   *Beastly Appendage                 Transmutation                1
   *Sticks to Snakes                  Transmutation                2
   Spider Form                        Transmutation/Poison         3
   Ice Form                           Ice/Transmutation            4
   Blade Hands                        Transmutation                5


   Skills:
 - Level 1.1 Fighting
 - Level 2.6 Dodging
 - Level 3.2 Unarmed Combat
 - Level 2.0 Spellcasting
 + Level 4.8 Transmutations


You had 3 spell levels left.
You knew the following spells:

 Your Spells              Type           Power        Failure   Level  Hunger
c - Sticks to Snakes      Trmt           ##........   8%          2    ###....
s - Beastly Appendage     Trmt           ##....       4%          1    ##.....


Dungeon Overview and Level Annotations

Branches:
Dungeon (2/16)

Altars:


Innate Abilities, Weirdness & Mutations

You revert to your normal form in water.
You are very nimble and swift while swimming.
You have a pair of horns on your head.


Message History

Drink which item? (? for menu, Esc to quit)
You feel very mighty all of a sudden.
It was a potion of might.
The jackal closely misses you.
The jackal bites you but does no damage.
Drink which item? (? for menu, Esc to quit)
Okay, then.
Read which item? (? for menu, Esc to quit)
Okay, then.
Evoke which item? (* to show all) (? for menu, Esc to quit)
Zapping:
t - a glass wand
Press: ? - help, Shift-Dir - straight line, f - jackal
Aim: a jackal (heavily wounded)
The jackal looks slightly unstable.
t - a wand of teleportation {zapped: 1} The jackal bites you.
* * * LOW HITPOINT WARNING * * *
Drink which item? (? for menu, Esc to quit)
You suddenly lose the ability to move!
It was a potion of paralysis.
The jackal bites you.
You die...

#.≈≈.#..# #.##..##
#.≈≈r#8.### ##.##..#
#.≈≈.##.#.####......####
#.≈≈.##.#..#............
#.≈≈.##.#....#...<......
#.≈≈.#.r#...........####
#.≈≈.#8S#..........#####
#.≈≈.##h#...............
#.≈≈.##@#.##...#.#######
#.≈≈.##.#.###.##.#
#.≈≈.#(.#.# #.##.#
≈.#8.#.# #.##.# ##.###
#.##.# #.# #.##.# ##.#
#.##.# #..### #.##.#
#8...# #.##.#######


You could see an adder, a quokka and a jackal.

Vanquished Creatures
  7 bats
  4 goblins
  4 hobgoblins
  7 kobolds
  A quokka (D:2)
  A giant cockroach (D:1)
  5 rats
29 creatures vanquished.

Notes
Turn   | Place    | Note
--------------------------------------------------------------
     0 | D:1      | Medar, the Merfolk Transmuter, began the quest for the Orb.
     0 | D:1      | Reached XP level 1. HP: 15/15 MP: 3/3
     0 | D:1      | Upgraded the game from 0.14-a0-1817-gb992dfe to 0.14-a0-1837-g7fb8695
   526 | D:1      | Reached XP level 2. HP: 19/21 MP: 2/4
   538 | D:1      | Learned a level 2 spell: Sticks to Snakes
   699 | D:1      | Reached skill level 4 in Transmutations
  1254 | D:2      | Reached XP level 3. HP: 21/26 MP: 6/6
  1828 | D:2      | Paralysed by a potion of paralysis for 5 turns
  1828 | D:2      | Slain by a jackal

Action                   || total
-------------------------++-------
Melee: Unarmed           ||   110
 Cast: Beastly Appendage ||    12
Evoke: Wand              ||     1
  Use: Potion            ||     4
 Stab: Sleeping          ||     1
